 Dungeon Crawl Stone Soup version 0.21.0-3-g78d12a8 (console) character file.

450 hilaritas the Gouger (level 6, -2/28 HPs)
             Began as a Felid Fighter on Jan 16, 2018.
             Slain by an orc warrior
             ... wielding a +0 trident
              (18 damage)
             ... on level 6 of the Dungeon.
             The game lasted 00:11:13 (4793 turns).

hilaritas the Gouger (Felid Fighter)                Turns: 4793, Time: 00:11:14

Health: -2/28      AC:  2    Str: 12    XL:     6   Next: 74%
Magic:  7/7        EV: 19    Int: 12    God:
Gold:   236        SH:  0    Dex: 15    Spells: 4/5 levels left
                                        Lives:  0   Deaths: 2

rFire    . . .     SeeInvis +     - Unarmed
rCold    . . .     Gourm    .   (shield unavailable)
rNeg     . . .     Faith    .   (armour unavailable)
rPois    .         Spirit   .   (helmet unavailable)
rElec    .         Reflect  .   (cloak unavailable)
rCorr    .         Harm     .   (gloves unavailable)
MR       .....                  (boots unavailable)
Stlth    ++........             (no amulet)
HPRegen  0.09/turn              (no ring)
MPRegen  0.10/turn              (no ring)

@: confused, quick
A: very small, no armour, no weapons or thrown items, stealth, claws 1, fangs 3,
see invisible, carnivore, speed 1, shaggy fur 2, slow metabolism 1, sharp paws
a: no special abilities


You were on level 6 of the Dungeon.
You were completely stuffed.

You visited 1 branch of the dungeon, and saw 6 of its levels.

You collected 262 gold pieces.
You spent 26 gold pieces at shops.

Inventory:

Scrolls
 f - 2 scrolls of teleportation
 l - a scroll of magic mapping
Potions
 c - a potion of mutation
 d - a potion of resistance
 g - 2 potions of ambrosia
 h - a potion of might
 i - 2 potions of heal wounds
 j - 2 potions of flight
 k - 2 potions of haste
 m - a potion of invisibility
Books
 e - a book of Misfortune

   Spells                             Type                      Level
   a - Confusing Touch                Hexes                        1
   b - Confuse                        Hexes                        3
   c - Gell's Gravitas                Translocation                3
   d - Petrify                        Transmutation/Earth          4
   e - Metabolic Englaciation         Hexes/Ice                    5
   f - Yara's Violent Unravelling     Hexes/Transmutation          5
Comestibles
 b - 11 rations


   Skills:
 * Level 4.2 Fighting
 - Level 4.0 Dodging
 + Level 5.6 Stealth
 * Level 9.2 Unarmed Combat
 * Level 0.9 Hexes


You had 4 spell levels left.
You knew the following spells:

 Your Spells              Type           Power        Failure   Level  Hunger
a - Confusing Touch       Hex            #.....       22%         1    ##.....


Dungeon Overview and Level Annotations

Branches:
Dungeon (6/15)
 Temple: D:4-7

Altars:
Nemelex Xobeh

Shops:
D:5 }*


Innate Abilities, Weirdness & Mutations

You cannot wear armour.
You are incapable of wielding weapons or throwing items.
Your paws allow you to move quietly. (Stealth)
You have sharp claws.
You have razor-sharp teeth.
You have supernaturally acute eyesight. (SInv)
You are carnivorous and can eat meat at any time.
You cover ground quickly.
You are covered in thick fur. (AC +2)
You have a slow metabolism.
Your sharp claws are effective at attacking unaware monsters.


Message History

The puff of flame hits you! The orc wizard closely misses you.
Items here: )) [ † a hand axe of electrocution; a ring mail; a falchion of distortion an orc corpse You claw the orc wizard!
The orc wizard is almost dead.
The orc warrior hits you with a trident!
The orc wizard barely misses you.
You are confused.
You feel invigorated.
The orc wizard gestures wildly while chanting.
The orc wizard flickers and vanishes for a moment.
The orc priest begins to cast a cantrip, but forgets the words!
The orc warrior misses you.
Unknown command.
You barely miss the orc warrior. Your bite misses the orc warrior.
The orc wizard completely misses you.
The orc warrior hits you with a trident!!
Ouch! That really hurt!
You die...

...... #......
.......
.......
.......
##Z......
###ooo.....
#####..@#
###.......#
#...###...#
###.#.......#
##.....###...#
#..##.##
###..# #.# #.#
##... #.# #.#
..##
#.###.###...
...
##.#.......#
#.....######


You could see an orc warrior, an orc priest, an orc wizard (invisible) and a
leopard gecko zombie.

Vanquished Creatures
  Sigmund (D:3)
  A yak (D:5)
  The ghost of feelmyfire the Insei, an amateur DgTm (D:3)
  A centaur (D:5)
  2 ogres
  2 hounds
  2 bullfrog skeletons (D:4)
  2 orc wizards (D:5)
  An iguana (D:4)
  5 worker ants
  7 adders
  An ooze (D:2)
  A dart slug (D:2)
  2 leopard geckos
  19 orcs
  A ball python (D:5)
  8 bats
  4 giant cockroaches
  9 goblins
  5 hobgoblins
  7 jackals (D:3)
  3 quokkas
  6 frilled lizards
  4 kobolds
  2 leopard gecko skeletons
  A quokka skeleton (D:4)
  5 rats
103 creatures vanquished.

Notes
Turn   | Place    | Note
-------+----------+-------------------------------------------
     0 | D:1      | hilaritas the Felid Fighter began the quest for the Orb.
     0 | D:1      | Reached XP level 1. HP: 10/10 MP: 2/2
    18 | D:1      | You fall through a shaft!
   113 | D:2      | Reached XP level 2. HP: 12/14 MP: 3/3
   119 | D:2      | Reached skill level 1 in Stealth
   253 | D:2      | Reached XP level 3. HP: 17/17 MP: 4/4
   617 | D:1      | Reached skill level 5 in Unarmed Combat
  1584 | D:2      | Found a sparkling altar of Nemelex Xobeh.
  1870 | D:3      | Noticed Sigmund
  1881 | D:3      | Killed Sigmund
  1881 | D:3      | Reached skill level 6 in Unarmed Combat
  1881 | D:3      | Reached XP level 4. HP: 21/21 MP: 5/5
  1881 | D:3      | Reached XP level 5. HP: 24/24 MP: 6/6
  1978 | D:3      | Noticed feelmyfire's ghost (amateur DgTm)
  1993 | D:3      | Killed feelmyfire's ghost
  1993 | D:3      | Gained mutation: You are covered in thick fur. (AC +2) [Felid growth]
  1993 | D:3      | Reached XP level 6. HP: 28/28 MP: 7/7
  2420 | D:4      | Reached skill level 7 in Unarmed Combat
  2689 | D:4      | Reached XP level 7. HP: 9/31 MP: 8/8
  3142 | D:5      | Entered Level 5 of the Dungeon
  3240 | D:5      | Reached skill level 5 in Stealth
  3322 | D:5      | Noticed a yak
  3342 | D:5      | Killed a yak
  3342 | D:5      | Reached skill level 8 in Unarmed Combat
  3601 | D:5      | HP: 3/31 [centaur (10)]
  3601 | D:5      | Slain by an adder
  3602 | D:5      | Reached XP level 6. HP: 0/28 MP: 7/7
  3722 | D:5      | Found Filoegu's Assorted Antiques.
  3747 | D:5      | Bought a scroll labeled SOYNKU ALOXZE for 26 gold pieces
  3831 | D:5      | Found Daasku Haxi's Gadget Shoppe.
  3873 | D:5      | Reached XP level 7. HP: 32/32 MP: 8/8
  4527 | D:5      | HP: 2/32 [ice beast (12)]
  4529 | D:5      | Mangled by an ice beast
  4530 | D:5      | Reached XP level 6. HP: -8/42 MP: 7/7
  4553 | D:6      | Learned a level 1 spell: Confusing Touch
  4561 | D:6      | Reached skill level 9 in Unarmed Combat
  4784 | D:6      | Noticed an orc warrior
  4793 | D:6      | Slain by an orc warrior

Skill      XL: |  1  2  3  4  5  6  7 |
---------------+----------------------+-----
Stealth        | 1 3 4 5 |  5.6
Unarmed Combat | 6 9 8 |  9.2
Fighting       | 4 |  4.2
Dodging        | |  4.0
Hexes          | |  0.9

Action                   |  1- 3 |  4- 6 |  7- 9 || total
-------------------------+-------+-------+-------++-------
Melee: Unarmed           |   111 |   138 |    67 ||   316
       Bite              |     5 |    12 |     9 ||    26
       Punch             |     1 |     7 |     4 ||    12
  Use: Scroll            |    11 |     3 |     3 ||    17
       Potion            |     1 |     3 |     2 ||     6
 Stab: Sleeping          |     4 |     5 |     4 ||    13
       Distracted        |       |     1 |       ||     1
  Eat: Chunk             |     9 |    11 |     5 ||    25
Armor: Skin              |     6 |     6 |     4 ||    16
Dodge: Dodged            |   103 |    91 |    43 ||   237
